AAA
FLUSHING CHIEFS @ ANNAPOLIS ADMIRALS
05/17/2059
 
TOP OF THE 1ST
Flushing Chiefs batting - Pitching for Annapolis Admirals : RHP Brian Roberts
Pitching: RHP Brian Roberts
Batting: RHB Adrien Mondragon 0-0: Called Strike
0-1: Called Strike
0-2: Ball
1-2: Strikes out swinging
Batting: RHB Edward Clinton 0-0: Called Strike
0-1: Ground out 4-3 (Groundball, 4, EV 102.5 MPH)
Batting: SHB Martavious Visser 0-0: Ball
1-0: SINGLE (Groundball, 4D, EV 103.1 MPH)
Batting: RHB Isaac Bonner 0-0: Called Strike
0-1: Ball
1-1: Foul Ball, location: 2F
1-2: Ball
2-2: Ball
3-2: DOUBLE (Flyball, 8RXD, EV 106.9 MPH)
Martavious Visser to third
Martavious Visser scores
Batting: RHB Venric Udaka 0-0: Called Strike
0-1: Foul Ball, location: 2F
0-2: Ball
1-2: Ball
2-2: Strikes out swinging
Top of the 1st over - 1 run, 2 hits, 0 errors, 1 left on base; Flushing 1 - Annapolis 0
BOTTOM OF THE 1ST
Annapolis Admirals batting - Pitching for Flushing Chiefs : RHP Conner Flowers
Pitching: RHP Conner Flowers
Batting: SHB Ulisses Schnopp 0-0: Foul Ball, location: 2F
0-1: Foul Ball, location: 2F
0-2: Fly out, F8 (Flyball, 78M, EV 93.1 MPH)
Batting: LHB De'Mon Ferguson 0-0: Called Strike
0-1: Ball
1-1: Ground out 1-3 (Groundball, P, EV 70.0 MPH)
Batting: RHB Damian Youngs 0-0: Ball
1-0: Foul Ball, location: 2F
1-1: Ball
2-1: SINGLE (Groundball, 6D, EV 110.0 MPH)
Batting: RHB Mason Severance 0-0: Ball
1-0: Ball
2-0: Ball
3-0: Called Strike
3-1: Fly out, F6 (Flyball, 6D, EV 86.2 MPH)
Bottom of the 1st over - 0 runs, 1 hit, 0 errors, 1 left on base; Flushing 1 - Annapolis 0
TOP OF THE 2ND
Flushing Chiefs batting - Pitching for Annapolis Admirals : RHP Brian Roberts
Batting: RHB Stanton Wamugunda 0-0: Called Strike
0-1: Foul Ball, location: 2F
0-2: Ball
1-2: Fly out, F8 (Flyball, 8LXD, EV 103.1 MPH)
Batting: RHB Jahmel Ortiz 0-0: Swinging Strike
0-1: Ball
1-1: DOUBLE (Line Drive, 3D, EV 105.6 MPH)
Batting: RHB Abel Kazaz 0-0: Foul Ball, location: 2F
0-1: Ball
1-1: Foul Ball, location: 2F
1-2: Strikes out swinging
Batting: RHB Vance Thompson 0-0: Called Strike
0-1: Foul Ball, location: 2F
0-2: Ball
1-2: Foul Ball, location: 2F
1-2: Ball
2-2: Foul Ball, location: 2F
2-2: Foul Ball, location: 2F
2-2: Ball
3-2: Foul Ball, location: 2F
3-2: Strikes out looking
Top of the 2nd over - 0 runs, 1 hit, 0 errors, 1 left on base; Flushing 1 - Annapolis 0
BOTTOM OF THE 2ND
Annapolis Admirals batting - Pitching for Flushing Chiefs : RHP Conner Flowers
Batting: RHB Sonny Zidane 0-0: Called Strike
0-1: Swinging Strike
0-2: Foul Ball, location: 2F
0-2: DOUBLE (Line Drive, 7LD, EV 105.6 MPH)
Batting: RHB Neil Shoemaker 0-0: Called Strike
0-1: Ball
1-1: Called Strike
1-2: Ball
2-2: Foul Ball, location: 2F
2-2: Foul Ball, location: 2F
2-2: Ball
3-2: Ground out 6-3 (Groundball, 6, EV 90.6 MPH)
Batting: RHB Owen Orth 0-0: Called Strike
0-1: Ball
1-1: Foul Ball, location: 2F
1-2: Ball
2-2: Fly out, F8 (Flyball, 78D, EV 100.6 MPH)
Batting: RHB Damon Dickinson 0-0: Ball
1-0: Swinging Strike
1-1: Swinging Strike
1-2: Foul Ball, location: 2F
1-2: Strikes out swinging
Bottom of the 2nd over - 0 runs, 1 hit, 0 errors, 1 left on base; Flushing 1 - Annapolis 0
TOP OF THE 3RD
Flushing Chiefs batting - Pitching for Annapolis Admirals : RHP Brian Roberts
Batting: RHB Adrien Mondragon 0-0: Fly out, F8 (Flyball, 78D, EV 87.5 MPH)
Batting: RHB Edward Clinton 0-0: Ball
1-0: Swinging Strike
1-1: Foul Ball, location: 2F
1-2: Strikes out looking
Batting: SHB Martavious Visser 0-0: Ball
1-0: Ball
2-0: Ball
3-0: Called Strike
3-1: Base on Balls
Batting: RHB Isaac Bonner 0-0: Called Strike
0-1: Ball
1-1: Ball
2-1: Fly out, F4 (Line Drive, 4, EV 72.5 MPH)
Top of the 3rd over - 0 runs, 0 hits, 0 errors, 1 left on base; Flushing 1 - Annapolis 0
BOTTOM OF THE 3RD
Annapolis Admirals batting - Pitching for Flushing Chiefs : RHP Conner Flowers
Batting: RHB Marshall Philips 0-0: Ball
1-0: Foul Ball, location: 2F
1-1: Foul Ball, location: 2F
1-2: Strikes out swinging
Batting: SHB Ulisses Schnopp 0-0: Fly out, F7 (Line Drive, 78M, EV 84.4 MPH)
Batting: LHB De'Mon Ferguson 0-0: DOUBLE (Line Drive, 9LS, EV 95.6 MPH)
Batting: RHB Damian Youngs 0-0: Called Strike
0-1: Ball
1-1: Foul Ball, location: 2F
1-2: Ball
2-2: Foul Ball, location: 2F
2-2: Strikes out looking
Bottom of the 3rd over - 0 runs, 1 hit, 0 errors, 1 left on base; Flushing 1 - Annapolis 0
TOP OF THE 4TH
Flushing Chiefs batting - Pitching for Annapolis Admirals : RHP Brian Roberts
Batting: RHB Venric Udaka 0-0: Ball
1-0: Ball
2-0: Called Strike
2-1: Foul Ball, location: 2F
2-2: Strikes out swinging, 2-3 out at first.
Batting: RHB Stanton Wamugunda 0-0: Fly out, F9 (Flyball, 89M, EV 90.0 MPH)
Batting: RHB Jahmel Ortiz 0-0: Ball
1-0: Ball
2-0: Ball
3-0: Base on Balls
Batting: RHB Abel Kazaz 0-0: Ball
Wild Pitch!
Jahmel Ortiz to second
1-0: Ball
2-0: Called Strike
2-1: Called Strike
2-2: Ground out 4-3 (Groundball, 4S, EV 69.4 MPH)
Top of the 4th over - 0 runs, 0 hits, 0 errors, 1 left on base; Flushing 1 - Annapolis 0
BOTTOM OF THE 4TH
Annapolis Admirals batting - Pitching for Flushing Chiefs : RHP Conner Flowers
Batting: RHB Mason Severance 0-0: Called Strike
0-1: Foul Ball, location: 2F
0-2: Foul Ball, location: 2F
0-2: Strikes out swinging
Batting: RHB Sonny Zidane 0-0: SINGLE (Line Drive, 34, EV 99.4 MPH)
Batting: RHB Neil Shoemaker 0-0: SINGLE (Line Drive, 4MD, EV 95.6 MPH)
Sonny Zidane to second
Runner from 2nd tries for 3rd, OUT! 8-5
Batting: RHB Owen Orth 0-0: Swinging Strike
0-1: Swinging Strike
0-2: Strikes out swinging
Bottom of the 4th over - 0 runs, 2 hits, 0 errors, 1 left on base; Flushing 1 - Annapolis 0
TOP OF THE 5TH
Flushing Chiefs batting - Pitching for Annapolis Admirals : RHP Brian Roberts
Batting: RHB Vance Thompson 0-0: Ball
1-0: Swinging Strike
1-1: Ground out 5-3 (Groundball, 56, EV 78.8 MPH)
Batting: RHB Adrien Mondragon 0-0: TRIPLE (Flyball, 9LD, EV 103.1 MPH)
Batting: RHB Edward Clinton 0-0: Called Strike
0-1: Ball
1-1: Swinging Strike
1-2: Ball
2-2: SINGLE (Groundball, 56D, EV 103.1 MPH)
Adrien Mondragon scores
Batting: SHB Martavious Visser 0-0: Ball
1-0: Swinging Strike
1-1: Foul Ball, location: 2F
1-2: Ball
2-2: Fly out, F8 (Flyball, 8LXD, EV 100.6 MPH)
Batting: RHB Isaac Bonner 0-0: Ball
1-0: SINGLE (Groundball, 4MD, EV 110.6 MPH)
Edward Clinton to second
Batting: RHB Venric Udaka 0-0: Ball
1-0: Called Strike
1-1: Fly out, F8 (Flyball, 8LM, EV 67.5 MPH)
Top of the 5th over - 1 run, 3 hits, 0 errors, 2 left on base; Flushing 2 - Annapolis 0
BOTTOM OF THE 5TH
Annapolis Admirals batting - Pitching for Flushing Chiefs : RHP Conner Flowers
Batting: RHB Damon Dickinson 0-0: Called Strike
0-1: Ball
1-1: Ball
2-1: Swinging Strike
2-2: Fly out, F9 (Flyball, 9D, EV 85.6 MPH)
Batting: RHB Marshall Philips 0-0: Foul Ball, location: 2F
0-1: Ball
1-1: Swinging Strike
1-2: Foul Ball, location: 2F
1-2: Ball
2-2: Strikes out swinging
Batting: SHB Ulisses Schnopp 0-0: Fly out, F6 (Popup, 6M, EV 72.5 MPH)
Bottom of the 5th over - 0 runs, 0 hits, 0 errors, 0 left on base; Flushing 2 - Annapolis 0
TOP OF THE 6TH
Flushing Chiefs batting - Pitching for Annapolis Admirals : RHP Brian Roberts
Batting: RHB Stanton Wamugunda 0-0: Called Strike
0-1: Swinging Strike
0-2: Foul Ball, location: 2F
0-2: Fly out, F9 (Flyball, 9S, EV 86.9 MPH)
Batting: RHB Jahmel Ortiz 0-0: Ball
1-0: Ball
2-0: Ball
3-0: Ground out 5-3 (Groundball, 56, EV 101.2 MPH)
Batting: RHB Abel Kazaz 0-0: Ball
1-0: SINGLE (Groundball, 4D, EV 99.4 MPH)
Batting: RHB Vance Thompson 0-0: Swinging Strike
0-1: Foul Ball, location: 2F
0-2: Foul Ball, location: 2F
0-2: Ball
1-2: Strikes out looking
Top of the 6th over - 0 runs, 1 hit, 0 errors, 1 left on base; Flushing 2 - Annapolis 0
BOTTOM OF THE 6TH
Annapolis Admirals batting - Pitching for Flushing Chiefs : RHP Conner Flowers
Batting: LHB De'Mon Ferguson 0-0: Swinging Strike
0-1: Called Strike
0-2: Strikes out looking
Batting: RHB Damian Youngs 0-0: Ball
1-0: Ground out 5-3 (Groundball, 56, EV 83.8 MPH)
Batting: RHB Mason Severance 0-0: Ball
1-0: Swinging Strike
1-1: Ball
2-1: Called Strike
2-2: Reached on error, E6 (Groundball, 6, EV 86.9 MPH)
Batting: RHB Sonny Zidane 0-0: Ball
1-0: Swinging Strike
1-1: Ball
2-1: Ball
3-1: Foul Ball, location: 2F
3-2: Strikes out looking
Bottom of the 6th over - 0 runs, 0 hits, 1 error, 1 left on base; Flushing 2 - Annapolis 0
TOP OF THE 7TH
Flushing Chiefs batting - Pitching for Annapolis Admirals : RHP Brian Roberts
Batting: RHB Adrien Mondragon 0-0: Swinging Strike
0-1: Ball
1-1: Ball
2-1: Ball
3-1: Called Strike
3-2: Foul Ball, location: 2F
3-2: Ground out 6-3 (Groundball, 6, EV 86.9 MPH)
Pitching: RHP Curtis Huntsinger
Batting: RHB Edward Clinton 0-0: Called Strike
0-1: Foul Ball, location: 2F
0-2: Ball
1-2: Ball
2-2: Strikes out looking
Batting: SHB Martavious Visser 0-0: Ball
1-0: Ball
2-0: Ball
3-0: Called Strike
3-1: Base on Balls
Batting: RHB Isaac Bonner 0-0: Foul Ball, location: 2F
0-1: Ball
1-1: Swinging Strike
1-2: Ball
2-2: Foul Ball, location: 2F
2-2: Strikes out swinging
Top of the 7th over - 0 runs, 0 hits, 0 errors, 1 left on base; Flushing 2 - Annapolis 0
BOTTOM OF THE 7TH
Annapolis Admirals batting - Pitching for Flushing Chiefs : RHP Conner Flowers
Batting: RHB Neil Shoemaker 0-0: Ball
1-0: Foul Ball, location: 2F
1-1: Fly out, F8 (Line Drive, 8LM, EV 91.9 MPH)
Batting: RHB Owen Orth 0-0: Swinging Strike
0-1: Ball
1-1: DOUBLE (Line Drive, 78D, EV 113.8 MPH)
Batting: RHB Damon Dickinson 0-0: Foul Ball, location: 2F
0-1: Ball
1-1: Swinging Strike
1-2: Foul Ball, location: 2F
1-2: Ball
2-2: Foul Ball, location: 2F
2-2: Ground out 5-3 (Groundball, 56, EV 109.4 MPH)
Batting: RHB Marshall Philips 0-0: Called Strike
0-1: Called Strike
0-2: Foul Ball, location: 2F
0-2: Ball
1-2: Strikes out looking
Bottom of the 7th over - 0 runs, 1 hit, 0 errors, 1 left on base; Flushing 2 - Annapolis 0
TOP OF THE 8TH
Flushing Chiefs batting - Pitching for Annapolis Admirals : RHP Curtis Huntsinger
Batting: RHB Venric Udaka 0-0: Called Strike
0-1: Ground out 6-3 (Groundball, 6, EV 86.9 MPH)
Batting: RHB Stanton Wamugunda 0-0: Fly out, F9 (Flyball, 9S, EV 83.1 MPH)
Batting: RHB Jahmel Ortiz 0-0: Called Strike
0-1: Ball
1-1: Foul Ball, location: 2F
1-2: Ball
2-2: Strikes out swinging
Top of the 8th over - 0 runs, 0 hits, 0 errors, 0 left on base; Flushing 2 - Annapolis 0
BOTTOM OF THE 8TH
Annapolis Admirals batting - Pitching for Flushing Chiefs : RHP Conner Flowers
Pitching: LHP Cory Shetler
Batting: SHB Ulisses Schnopp 0-0: Ground out 6-3 (Groundball, 56, EV 103.8 MPH)
Batting: LHB De'Mon Ferguson 0-0: Ball
1-0: Ball
2-0: Foul Ball, location: 2F
2-1: Ball
3-1: Base on Balls
Batting: RHB Damian Youngs 0-0: Ball
1-0: Swinging Strike
1-1: Foul Ball, location: 2F
1-2: Ball
Wild Pitch!
De'Mon Ferguson to second
2-2: Ball
3-2: Foul Ball, location: 2F
3-2: Ground out 5-3 (Groundball, 56, EV 112.5 MPH)
Batting: RHB Mason Severance 0-0: Ball
1-0: Ball
2-0: Foul Ball, location: 2F
2-1: Called Strike
2-2: Strikes out looking
Bottom of the 8th over - 0 runs, 0 hits, 0 errors, 1 left on base; Flushing 2 - Annapolis 0
TOP OF THE 9TH
Flushing Chiefs batting - Pitching for Annapolis Admirals : RHP Curtis Huntsinger
Batting: RHB Abel Kazaz 0-0: Ball
1-0: Called Strike
1-1: Ball
2-1: SINGLE (Line Drive, 6MD, EV 93.8 MPH)
Pitching: RHP Tommy Wilson
Batting: RHB Vance Thompson 0-0: Called Strike
0-1: Ball
1-1: Called Strike
1-2: Ball
2-2: Strikes out swinging
Batting: RHB Adrien Mondragon 0-0: Ball
1-0: Foul Ball, location: 2F
1-1: Ball
2-1: DOUBLE (Line Drive, 9LS, EV 88.1 MPH)
Abel Kazaz to third
Batting: RHB Edward Clinton 0-0: Ball
1-0: SINGLE (Groundball, 6, EV 98.8 MPH)
Abel Kazaz scores
Adrien Mondragon to third
Batting: SHB Martavious Visser 0-0: Foul Ball, location: 2F
0-1: Foul Ball, location: 2F
0-2: Fly out, F8 (Flyball, 8LD, EV 98.1 MPH)
Runner from 3rd tags up, OUT at HOME! 8-2
Top of the 9th over - 1 run, 3 hits, 0 errors, 1 left on base; Flushing 3 - Annapolis 0
BOTTOM OF THE 9TH
Annapolis Admirals batting - Pitching for Flushing Chiefs : LHP Cory Shetler
Pitching: RHP Dane Wines
Batting: RHB Sonny Zidane 0-0: Ball
1-0: Foul Ball, location: 2F
1-1: Ball
2-1: Ball
3-1: Called Strike
3-2: Strikes out swinging
Batting: RHB Neil Shoemaker 0-0: Ground out 4-3 (Groundball, 4M, EV 91.9 MPH)
Batting: RHB Owen Orth 0-0: Ball
1-0: Foul Ball, location: 2F
1-1: Ball
2-1: Ball
3-1: SINGLE (Groundball, 25, EV 74.4 MPH) (infield hit)
Batting: RHB Damon Dickinson 0-0: Ball
1-0: Called Strike
1-1: Swinging Strike
1-2: Foul Ball, location: 2F
1-2: Ball
2-2: Foul Ball, location: 2F
2-2: Ball
3-2: Strikes out swinging
Bottom of the 9th over - 0 runs, 1 hit, 0 errors, 1 left on base; Flushing 3 - Annapolis 0
Monday, February 26th , 2024 - OOTP Baseball 23.10 Build 110